Map: Frozen Temple

Players

Zebron - Winner!

  • Race: Protoss Protoss
  • League: Diamond

BuZzY

  • Race: Zerg Zerg
  • League: Diamond

VOD

Have the link to the VOD?

Description

Time

  • Played on: July 24, 2016, 1 p.m.
  • Length: 15:01
Show
View Real Time Build Order
Export as new Build Order

Zebron Protoss - Winner!

Build Orders: 1 Gate Expand 

Get SALT Encoding   

  12  0:01  Probe (Chrono Boost)  
  13  0:11  Probe (Chrono Boost)  
  14  0:18  Pylon  
  14  0:22  Probe (Chrono Boost)  
  15  0:37  Probe (Chrono Boost)  
  15  0:42  Gateway  
  16  0:47  Probe (Chrono Boost)  
  17  0:57  Assimilator  
  17  1:03  Probe (Chrono Boost)  
  18  1:26  Nexus  
  18  1:28  Probe (Chrono Boost)  
  19  1:45  Cybernetics Core  
  19  1:47  Probe (Chrono Boost)  
  19  1:52  Pylon  
  19  1:58  Probe (Chrono Boost)  
  19  2:00  Assimilator  
  20  2:13  Gateway  
  20  2:16  Probe (Chrono Boost)  
  20  2:21  Adept  
  23  2:32  Mothership Core (Chrono Boost)  
  25  2:38  Gateway  
  25  2:39  Probe (Chrono Boost)  
  25  2:43  Warp Gate  
  26  2:53  Adept  
  26  2:55  Probe (Chrono Boost)  
  29  3:02  Probe (Chrono Boost)  
  30  3:11  Twilight Council  
  30  3:19  Stalker  
  32  3:21  Probe x2 (Chrono Boost)  
  32  3:25  Adept  
  36  3:46  Probe x2 (Chrono Boost)  
  38  3:48  Robotics Facility  
  38  3:51  Adept  
  38  3:53  Pylon  
  40  4:10  Adept  
  40  4:11  Adept  
  40  4:13  Resonating Glaives  
  44  4:20  Probe x2 (Chrono Boost)  
  46  4:30  Probe x2 (Chrono Boost)  
  48  4:41  Probe (Chrono Boost)  
  48  4:45  Warp Prism  
  51  4:48  Stargate  
  51  4:55  Adept  
  51  4:57  Probe (Chrono Boost)  
  54  5:00  Pylon  
  54  5:01  Pylon  
  54  5:09  Assimilator  
  54  5:10  Assimilator  
  54  5:18  Probe x2 (Chrono Boost)  
  56  5:23  Nexus  
  56  5:29  Probe (Chrono Boost)  
  55  5:45  Void Ray, Immortal  
  63  5:54  Stalker x2  
  67  6:14  Pylon x2  
  67  6:20  Stalker  
  69  6:29  Pylon  
  69  6:30  Pylon  
  69  6:31  Pylon  
  69  6:32  Immortal  
  73  6:35  Pylon  
  73  6:37  Probe x3 (Chrono Boost)  
  76  6:45  Stalker x2  
  80  6:47  Probe (Chrono Boost)  
  75  7:24  Stalker x3  
  75  7:25  Probe x3 (Chrono Boost)  
  80  7:32  Void Ray, Immortal  
  88  7:38  Probe x3 (Chrono Boost)  
  88  7:42  Gateway  
  91  7:45  Gateway  
  91  7:47  Gateway  
  91  7:48  Probe (Chrono Boost)  
  92  7:59  Pylon  
  92  8:02  Forge, Adept x3  
  98  8:24  Pylon, Probe x3 (Chrono Boost)  
  98  8:25  Gateway  
  101  8:32  Pylon x2  
  101  8:35  Probe (Chrono Boost)  
  101  8:39  Adept x2  
  101  8:40  Adept  
  108  8:43  Observer  
  109  8:55  Oracle  
  108  9:05  Observer  
  109  9:21  Adept x3  
  68  9:49  Stalker  
  68  9:50  Stalker x2  
  65  10:02  Void Ray  
  65  10:05  Gateway  
  65  10:06  Gateway x2  
  69  10:07  Robotics Facility, Immortal  
  69  10:09  Gateway  
  68  10:33  Adept  
  68  10:34  Adept x2  
  74  10:38  Probe (Chrono Boost)  
  69  10:59  Immortal x2  
  77  11:06  Adept  
  77  11:07  Adept x2  
  75  11:38  Immortal x2  
  79  11:40  Adept x4  
  79  11:41  Adept x2  
  74  12:05  Adept x3  
  80  12:11  Nexus  
  80  12:49  Stalker x2  
  80  12:50  Stalker x2  
  75  13:00  Observer  
  75  13:01  Observer  
  77  13:09  Probe (Chrono Boost)  
  77  13:10  Probe (Chrono Boost), Adept x2  
  81  13:31  Adept  
  81  13:32  Adept x3  
  85  13:50  Observer x2  
  81  14:12  Observer  
  82  14:34  Adept x5  
  82  14:35  Adept  
  95  14:38  Probe (Chrono Boost)  
  95  14:39  Probe (Chrono Boost)  
  95  14:40  Probe (Chrono Boost)  
  95  14:41  Assimilator  
  97  14:49  Probe x2 (Chrono Boost)  
Show
View Real Time Build Order
Export as new Build Order

BuZzY Zerg 

Build Orders: Hatch First, Lurkers 

Get SALT Encoding   

  12  0:01  Drone  
  13  0:08  Drone  
  14  0:16  Extractor  
  14  0:17  Drone  
  15  0:39  Hatchery  
  14  0:45  Overlord  
  14  1:02  Spawning Pool  
  13  1:08  Drone, Extractor  
  13  1:11  Drone  
  13  1:16  Drone  
  15  1:21  Drone  
  16  1:33  Drone  
  17  1:42  Drone  
  18  1:49  Queen  
  20  1:57  Queen  
  20  2:01  Drone  
  23  2:08  Overlord  
  23  2:12  Zergling x2  
  24  2:16  Zergling x2  
  24  2:18  Drone  
  24  2:22  Drone  
  27  2:27  Drone  
  28  2:32  Metabolic Boost  
  28  2:42  Roach Warren  
  27  2:46  Drone  
  28  2:52  Drone  
  28  2:53  Drone x2  
  31  2:59  Overlord  
  31  3:02  Drone  
  32  3:07  Drone  
  32  3:08  Drone  
  32  3:10  Drone  
  35  3:16  Drone  
  36  3:21  Drone x3  
  36  3:26  Evolution Chamber  
  38  3:32  Drone x3  
  38  3:33  Drone  
  42  3:34  Drone  
  42  3:36  Drone  
  42  3:41  Extractor  
  43  3:42  Extractor  
  43  3:47  Lair  
  42  3:51  Drone  
  42  3:52  Drone  
  42  3:53  Overlord  
  44  4:08  Zerg Missile Weapons Level 1  
  44  4:18  Drone  
  44  4:19  Drone x3  
  44  4:20  Roach x2  
  52  4:24  Hatchery  
  52  4:25  Overlord  
  52  4:30  Spore Crawler  
  50  4:31  Spore Crawler  
  50  4:35  Drone x2  
  50  4:36  Drone  
  52  4:49  Glial Reconstitution  
  52  5:03  Drone  
  52  5:04  Drone x4  
  52  5:05  Roach  
  58  5:18  Hydralisk Den, Overlord  
  58  5:19  Overlord x4  
  52  5:43  Roach  
  52  5:44  Roach x5  
  52  5:48  Lurker Den  
  64  6:13  Overlord  
  64  6:14  Drone x8  
  72  6:28  Queen  
  72  6:29  Overlord  
  72  6:30  Drone x3  
  77  6:40  Hydralisk x2, Extractor  
  77  6:44  Drone  
  81  6:49  Extractor  
  81  6:50  Extractor  
  81  6:51  Drone  
  81  6:52  Drone x2  
  82  6:59  Hydralisk x2  
  78  7:04  Hydralisk x3  
  78  7:05  Hydralisk  
  75  7:09  Hydralisk x2  
  73  7:18  Hydralisk x4  
  80  7:25  Lurker  
  80  7:26  Zergling x2  
  80  7:27  Zergling x2  
  84  7:30  Lurker  
  84  7:34  Zergling x4  
  84  7:39  Hydralisk x4  
  84  7:40  Hydralisk  
  94  7:52  Lurker  
  96  8:06  Lurker  
  96  8:08  Zergling x2  
  96  8:09  Zergling x18  
  96  8:10  Hatchery, Lurker  
  106  8:16  Overseer  
  106  8:18  Overseer  
  106  8:30  Lurker  
  107  8:36  Zergling x2  
  107  8:37  Overlord x6  
  108  8:58  Hydralisk  
  108  9:00  Lurker x2  
  99  9:22  Hydralisk  
  99  9:23  Hydralisk  
  85  9:25  Hydralisk x2  
  85  9:26  Hydralisk x2  
  73  9:34  Hydralisk  
  73  9:35  Hydralisk  
  73  9:36  Zergling x2  
  73  9:37  Zergling x12  
  77  9:52  Zergling x2  
  72  9:53  Zergling x10  
  74  10:00  Hydralisk x3  
  74  10:05  Zergling x2  
  78  10:15  Hydralisk  
  78  10:16  Hydralisk x2  
  74  10:30  Lurker x2  
  74  10:35  Hydralisk x2  
  76  10:36  Hydralisk  
  76  10:41  Hydralisk  
  79  10:45  Zergling x10  
  79  10:56  Zergling x2  
  80  10:57  Zergling x14  
  86  11:06  Hydralisk x2  
  81  11:20  Lurker  
  75  11:30  Zergling x4  
  75  11:31  Zergling x14  
  75  11:38  Zergling x2  
  72  11:44  Roach  
  72  11:45  Roach  
  63  11:57  Queen  
  63  11:58  Overlord  
  63  12:04  Zergling x10  
  63  12:05  Lurker  
  63  12:08  Overseer x3  
  65  12:12  Hydralisk  
  67  12:26  Lurker  
  67  12:27  Zergling x2  
  67  12:28  Zergling x14  
  58  12:55  Hydralisk x3  
  58  12:56  Hydralisk x6  
  66  12:59  Overlord  
  59  13:07  Zergling x2  
  59  13:08  Zergling x8  
  63  13:24  Lurker x3  
  58  13:31  Lurker  
  58  13:33  Lurker  
  50  13:57  Zergling x2  
  50  13:58  Zergling x8  
  53  14:13  Zergling x2  
  53  14:14  Zergling x6  
  55  14:30  Drone x3  
Tags
 
Add a new tag
Caveats
  • Supply blocks, unpowered buildings, or Contaminate may cause inaccurate times.
  • Supply counts are checked every 10 seconds.